 Dungeon Crawl Stone Soup version 0.29.0-7-g18a832c13a (webtiles) character file.

Game seed: 17212193295496795289

68110 blackman the Earth Mage (level 15, -4/110 HPs)
             Began as a Human Wanderer on Aug 30, 2022.
             Was a High Priest of Vehumet.
             Shot with a bolt by a yaktaur (23 damage)
             ... on level 13 of the Dungeon on Aug 31, 2022.
             The game lasted 01:58:30 (47859 turns).

blackman the Earth Mage (Human Wanderer)           Turns: 47859, Time: 01:58:31

Health: -4/110     AC: 10    Str: 15    XL:     15   Next: 68%
Magic:  7/28       EV: 13    Int: 32    God:    Vehumet [*****.]
Gold:   1261       SH:  3    Dex: 11    Spells: 4/33 levels left

rFire   + + .      SeeInvis .   x - staff of conjuration
rCold   + . .      Faith    +   n - +0 buckler
rNeg    + . .      Spirit   .   D - +1 robe of Rationality {rElec rF+ rN+ Int+4}
rPois   .          Reflect  .   U - +2 hat {Int+3}
rElec   +          Harm     .   Q - scarf {rC+ rF+}
rCorr   .          Rampage  .   r - +1 pair of gloves
Will    +....                   m - +2 pair of boots
Stlth   +.........              X - amulet of faith
HPRegen 0.28/turn               z - +6 ring of intelligence
MPRegen 0.21/turn               O - ring of wizardry

@: marked
A: no striking features
a: Renounce Religion


You were on level 13 of the Dungeon.
You worshipped Vehumet.
Vehumet was extremely pleased with you.
You visited 4 branches of the dungeon, and saw 21 of its levels.
You also visited: Bailey and Gauntlet.

You collected 1797 gold pieces.
You spent 536 gold pieces at shops.

Inventory:

Hand Weapons
 S - the +10 spear "Qyota" {pain, rPois rC+ Str+5 Int-2}
   (You took it off a minotaur in a Gauntlet)

   In the hands of one skilled in necromantic magic, it inflicts extra damage on
   living creatures.
   Str:       It affects your strength (+5).
   Int:       It affects your intelligence (-2).
   rC:        It protects you from cold.
   rPois:     It protects you from poison.
Missiles
 I - 21 poisoned darts (quivered)
 M - 5 atropa-tipped darts
 W - 8 silver javelins
 Y - 5 curare-tipped darts
Armour
 m - a +2 pair of boots (worn)
 n - a +0 buckler (worn)
 r - a +1 pair of gloves (worn)
 D - the +1 robe of Rationality (worn) {rElec rF+ rN+ Int+4}
   (You found it on level 5 of the Dungeon)

   Int:       It affects your intelligence (+4).
   rF:        It protects you from fire.
   rElec:     It insulates you from electricity.
   rN:        It protects you from negative energy.
 Q - a scarf of resistance (worn)
 U - a +2 hat of intelligence (worn)
Magical Staves
 x - a staff of conjuration (weapon)
Jewellery
 a - a +4 ring of protection
 e - a +6 ring of dexterity
 p - a +4 ring of protection
 w - a ring of willpower
 y - a ring of see invisible
 z - a +6 ring of intelligence (left hand)
 O - a ring of wizardry (right hand)
 X - an amulet of faith (around neck)
Wands
 A - a wand of iceblast (9)
 E - a wand of flame (11)
 H - a wand of polymorph (5)
 R - a wand of mindburst (1)
 T - a wand of charming (5)
Scrolls
 d - a scroll of summoning
 h - a scroll of fear
 q - a scroll of enchant weapon
 B - 2 scrolls of amnesia
 C - a scroll of blinking
 F - a scroll of silence
 L - 5 scrolls of immolation
Potions
 f - 3 potions of lignification
 g - 10 potions of curing
 i - 3 potions of magic
 j - 5 potions of might
 k - 4 potions of cancellation
 l - 5 potions of attraction
 o - a potion of heal wounds
 s - a potion of brilliance
 t - 2 potions of ambrosia
 u - 3 potions of mutation
 J - a potion of resistance
 K - 2 potions of berserk rage {unknown}
 P - a potion of flight
 V - a potion of haste
 Z - 3 potions of degeneration {unknown}
Miscellaneous
 b - a box of beasts
 c - a phial of floods
 v - a lightning rod (inert)
 N - a tin of tremorstones (inert)


   Skills:
 - Level 8.0 Fighting
 - Level 4.2 Polearms
 - Level 2.0 Throwing
 - Level 5.0 Dodging
 - Level 9.9 Spellcasting
 - Level 11.4 Conjurations
 - Level 4.6 Necromancy
 * Level 19.0 Earth Magic
 - Level 0.3 Invocations


You had 4 spell levels left.
You knew the following spells:

 Your Spells              Type           Power      Damage    Failure   Level
a - Summon Small Mammal   Summ           60%        N/A       1%          1
b - Stone Arrow           Conj/Erth      100%       3d13      0%          3
c - Petrify               Tmut/Erth      67%        N/A       1%          4
d - Iron Shot             Conj/Erth      53%        9d10      1%          6
e - Lehudib's Crystal Sp  Conj/Erth      53%        10d13     6%          8
f - Irradiate             Conj/Tmut      34%        3d23      1%          5
g - Sublimation of Blood  Necr           45%        N/A       1%          2

Your spell library contained the following spells:

 Spells                   Type           Power      Damage    Failure   Level
 Lee's Rapid Deconstruct  Erth           47%        3d24*     1%          5
 Sandblast                Erth           100%       2d20      0%          1
 Beastly Appendage        Tmut           30%        N/A       1%          1
 Freeze                   Ice            60%        1d8       1%          1
 Magic Dart               Conj           100%       1d8       1%          1
 Necrotise                Necr           100%       1d9       1%          1
 Shock                    Conj/Air       100%       1d9       1%          1
 Passwall                 Tmut/Erth      55%        N/A       1%          2
 Frozen Ramparts          Ice            30%        1d5       1%          3
 Mephitic Cloud           Conj/Pois/Air  57%        N/A       1%          3
 Vampiric Draining        Necr           45%        2d9       1%          3
 Animate Armour           Summ/Erth      100%       N/A       1%          4
 Call Imp                 Summ           15%        N/A       2%          2
 Wereblood                Tmut           15%        N/A       2%          2
 Airstrike                Air            7%         2d(2-18)  4%          4
 Call Canine Familiar     Summ           15%        N/A       5%          3
 Spider Form              Tmut/Pois      15%        N/A       5%          3
 Swiftness                Air            15%        N/A       5%          3
 Statue Form              Tmut/Erth      44%        N/A       5%          6
 Agony                    Necr           45%        N/A       8%          5
 Blade Hands              Tmut           7%         N/A       41%         5
 Metabolic Englaciation   Hex/Ice        7%         N/A       41%         5
 Summon Forest            Summ/Tloc      7%         N/A       41%         5
 Summon Mana Viper        Hex/Summ       15%        N/A       41%         5
 Simulacrum               Ice/Necr       15%        N/A       65%         6
 Summon Cactus Giant      Summ           7%         N/A       92%         6
 Polar Vortex             Ice            7%         N/A       100%        9


Dungeon Overview and Level Annotations

Branches:
Dungeon (13/15)            Temple (1/1) D:6            Lair (5/5) D:10
 Shoals (0/4) Lair:3       Spider (0/4) Lair:2        Slime (0/5) Lair:5
    Orc (2/2) D:9             Elf (0/3) Orc:2        Bailey (visited)
Gauntlet (visited)
 Vaults: D:13-14

Altars:
Ashenzari
Cheibriados
Dithmenos
Elyvilon
Fedhas
Gozag
Hepliaklqana
Kikubaaqudgha
Makhleb
Nemelex Xobeh
Okawaru
Qazlal
Ru
Sif Muna
Trog
Uskayaw
Vehumet
Wu Jian
Xom
Yredelemnul
Zin
The Shining One
Lugonu

Shops:
D:3 :   D:10 (   D:11 !   Orc:2 *!!(

Portals:
Abyss: D:10 Lair:5
Trove: D:11 (give +6 ice dragon scales)

Annotations:
D:8 Maurice
D:10 2 transporters, Fractals's ghost, journeyman HOMo


Message History

Aiming: Lehudib's Crystal Spear (dangerous; 6% risk of failure)
Press: ? - help, Shift-Dir - straight line, f - purple ugly thing
Aim: a purple ugly thing (83% to hit)
You feel a surge of power!
The crystal spear hits the purple ugly thing!!!
The purple ugly thing is almost dead.
The purple ugly thing tentacle-slaps you but does no damage.
Casting: Lehudib's Crystal Spear (dangerous; 6% risk of failure)
Confirm with . or Enter, or press ? or * to list all spells.
Aiming: Lehudib's Crystal Spear (dangerous; 6% risk of failure)
Press: ? - help, Shift-Dir - straight line, f/p - purple ugly thing
Aim: a purple ugly thing (almost dead, 83% to hit)
You feel a surge of power!
The crystal spear hits the purple ugly thing!!!
You kill the purple ugly thing!
Vehumet accepts your kill.
You feel your power returning. You block the sixfirhy's attack.
The sixfirhy hits you! The sixfirhy shocks you. You resist.
The sixfirhy closely misses you. The sixfirhy hits you!
The sixfirhy shocks you. You resist. The sixfirhy hits you!
* * * LOW HITPOINT WARNING * * *
The sixfirhy shocks you. You resist.
* * * LOW HITPOINT WARNING * * *
You see here an ugly thing corpse.
A smoke demon and 4 vampire mosquitoes come into view.
A slime creature comes into view. x2
Casting: Lehudib's Crystal Spear (dangerous; 6% risk of failure)
Confirm with . or Enter, or press ? or * to list all spells.
Aiming: Lehudib's Crystal Spear (dangerous; 6% risk of failure)
Press: ? - help, Shift-Dir - straight line, f - sixfirhy
Aim: a sixfirhy (61% to hit)
You feel a surge of power!
The crystal spear hits the sixfirhy!!!!
You kill the sixfirhy!
Vehumet accepts your kill. The vampire mosquito bites you.
* * * LOW HITPOINT WARNING * * *
The vampire mosquito draws strength from your injuries!
The yaktaur shoots a bolt.
The bolt hits you!!
You die...

..######..#.# #.#..#.
#..#.# #..# #..#.# #..#
#.c'.#######..######
#..#................
#..#3.....#######...
#..#yy....#.....#...
#####.†#yy....#.....#...
.....P..@#######.....'...
......P........J.....####
.....P♣........^.........
.....P.........J.........
...................###...
..####+#...........# ###
.. ###.........#
.........# .......".#


You could see 2 slime creatures, a yaktaur, a smoke demon and 4 vampire
mosquitoes.

Vanquished Creatures
  Gastronok (Lair:1)
  A minotaur (Gauntlet)
  Snorg (D:10)
  Josephine (Lair:4)
  2 boulder beetles
  3 hydras
  2 centaur warriors
  A tengu warrior (D:9)
  4 two-headed ogres
  4 orc high priests (Orc:2)
  A death yak (Lair:3)
  2 thrashing horrors (Lair:5)
  Amaemon (Lair:3)
  A sixfirhy (D:13)
  Pikel (D:9)
  An orc sorcerer (Orc:2)
  An oklob plant (Gauntlet)
  2 deep elf pyromancers (Orc:2)
  2 orc knights
  4 ugly things
  A worldbinder (Gauntlet)
  3 cyclopes
  A moth of wrath (Gauntlet)
  13 elephants
  2 manticores (D:9)
  3 black mambas
  An orange demon (Lair:3)
  7 cane toads
  A gargoyle (D:12)
  Maggie (D:8)
  2 torpor snails
  2 smoke demons (Lair:5)
  3 rime drakes
  An ice devil (D:13)
  A kobold demonologist (D:10)
  3 yaktaurs (D:13)
  8 komodo dragons
  A red devil (D:13)
  An ancient zyme (Lair:5)
  A meliai (shapeshifter) (D:9)
  A hornet (D:9)
  3 meliai (D:13)
  6 trolls
  Prince Ribbit (D:7)
  5 dream sheep (Lair:5)
  4 large abominations (Lair:5)
  21 blink frogs
  A slime creature (D:9)
  A snapping turtle (Lair:3)
  A shadow (D:11)
  A culicivora (Lair:2)
  4 spriggans
  3 wyverns
  4 ynoxinuls
  5 wraiths
  57 yaks
  2 neqoxecs (D:13)
  2 steam dragons (D:8)
  5 basilisks
  Grum (D:9)
  2 chaos spawn
  5 vampire mosquitoes
  3 wargs
  Duvessa (D:5)
  8 water moccasins
  7 small abominations (Lair:5)
  7 acid dragons
  2 black bears (D:10)
  A swamp drake (Orc:2)
  An ice beast (D:5)
  22 orc warriors
  A sky beast (D:7)
  10 ogres
  3 boggarts (Gauntlet)
  10 wolves
  7 centaurs
  4 kobold brigands
  A phantom (D:5)
  14 bullfrogs
  A gnoll sergeant (D:9)
  6 scorpions
  5 wights (D:7)
  Dowan (D:5)
  An electric eel (Lair:4)
  A crimson imp (Orc:2)
  3 hounds
  3 jellies
  A gnoll bouda (D:9)
  21 orc priests
  3 iguanas
  An iron imp (Orc:2)
  Jessica (D:2)
  23 orc wizards
  7 adders
  14 gnolls
  2 shadow imps
  3 white imps
  A howler monkey simulacrum (D:9)
  An ufetubus (D:6)
  A worm (D:2)
  3 dart slugs (D:1)
  59 orcs
  7 ball pythons
  6 bats
  3 endoplasms
  9 giant cockroaches
  23 goblins
  11 hobgoblins
  2 jackals (D:1)
  2 quokkas
  A frilled lizard (D:1)
  23 kobolds
  A rat (D:1)
579 creatures vanquished.

Vanquished Creatures (others)
  A wizard (D:5)
  A black mamba (Lair:5)
  A water moccasin (Lair:4)
  An orc (Orc:2)
  2 bushes (Lair:5)
  101 fungi
  108 plants
  6 withered plants (D:9)
221 creatures vanquished.

Grand Total: 800 creatures vanquished

Notes
Turn   | Place    | Note
-------+----------+-------------------------------------------
     0 | D:1      | blackman the Human Wanderer began the quest for the Orb.
     0 | D:1      | blackman set off with the following items: a +2 spear, 8
                  | boomerangs, a +0 dagger, a potion of haste, a +0 robe; and
                  | the following spell memorised: Summon Small Mammal; and the
                  | following spells available to memorise: Call Canine
                  | Familiar.
     0 | D:1      | Reached XP level 1. HP: 13/13 MP: 5/5
   138 | D:1      | Reached XP level 2. HP: 19/19 MP: 7/7
   296 | D:1      | Reached XP level 3. HP: 8/24 MP: 8/8
   757 | D:1      | Learned a level 3 spell: Stone Arrow
  1099 | D:2      | Noticed Jessica
  1534 | D:2      | Reached skill level 1 in Earth Magic
  1534 | D:2      | Reached XP level 4. HP: 18/30 MP: 10/10
  1753 | D:2      | Killed Jessica
  1754 | D:2      | Reached skill level 2 in Earth Magic
  2724 | D:2      | Reached XP level 5. HP: 32/35 MP: 11/11
  2831 | D:2      | Identified the +2 ring mail of Ynagen {rElec MP+9 Str-5
                  | Stlth-}
  3042 | D:2      | Reached skill level 3 in Earth Magic
  3373 | D:3      | Found Xycs's Book Shoppe.
  3566 | D:3      | Found a faded altar of an unknown god.
  3608 | D:3      | Prayed at the altar of an unknown god.
  3608 | D:3      | Became a worshipper of Ru the Awakened
  3609 | D:3      | Fell from the grace of Ru
  4148 | D:4      | Reached skill level 4 in Earth Magic
  4334 | D:4      | Found an ornate altar of the Wu Jian Council.
  4362 | D:4      | Reached XP level 6. HP: 34/41 MP: 8/12
  4417 | D:4      | Noticed an ogre
  4427 | D:3      | Reached skill level 5 in Earth Magic
  5110 | D:4      | Reached skill level 1 in Conjurations
  5244 | D:4      | Reached XP level 7. HP: 46/46 MP: 9/13
  5606 | D:5      | Entered Level 5 of the Dungeon
  5950 | D:5      | Found a bloodstained altar of Trog.
  5962 | D:5      | Noticed a wizard
  5967 | D:5      | Killed a wizard
  6008 | D:5      | Reached skill level 6 in Earth Magic
  6364 | D:5      | Found a glowing golden altar of the Shining One.
  6499 | D:5      | Identified the +1 robe of Rationality {rElec rF+ rN+ Int+4}
  6601 | D:5      | Noticed Duvessa
  6603 | D:5      | Noticed Dowan
  6608 | D:5      | Killed Duvessa
  6609 | D:5      | Reached skill level 7 in Earth Magic
  6609 | D:5      | Reached XP level 8. HP: 37/52 MP: 1/14
  7086 | D:5      | Killed Dowan
  7845 | D:5      | HP: 1/52 [poisoned by something (curare-tipped dart)]
  8176 | D:6      | Reached skill level 8 in Earth Magic
  8475 | D:6      | Reached XP level 9. HP: 56/57 MP: 3/15
  8698 | D:6      | Found a staircase to the Ecumenical Temple.
  8741 | Temple   | Entered the Ecumenical Temple
  8921 | Temple   | Became a worshipper of Vehumet
  9023 | D:6      | Reached skill level 9 in Earth Magic
  9086 | D:6      | Found a basalt altar of Yredelemnul.
  9297 | D:6      | Found a white marble altar of Elyvilon.
  9747 | D:7      | Noticed Prince Ribbit
  9753 | D:7      | Killed Prince Ribbit
  9754 | D:7      | Reached skill level 5 in Spellcasting
 10234 | D:7      | Reached skill level 5 in Conjurations
 10344 | D:7      | Reached skill level 10 in Earth Magic
 10766 | D:8      | Noticed Maggie
 10852 | D:8      | Noticed Maurice
 10853 | D:8      | Reached XP level 10. HP: 63/63 MP: 11/18
 11122 | D:8      | Noticed a cyclops
 11535 | D:9      | Found a snail-covered altar of Cheibriados.
 11921 | D:9      | Noticed Grum
 12014 | D:9      | Found an ancient bone altar of Kikubaaqudgha.
 12017 | D:9      | Noticed Pikel
 12240 | D:9      | Reached * piety under Vehumet
 12240 | D:9      | Offered knowledge of Shock by Vehumet.
 12691 | D:9      | Found a staircase to the Orcish Mines.
 12801 | D:9      | Reached skill level 11 in Earth Magic
 12881 | D:9      | Found an iron altar of Okawaru.
 13478 | D:9      | Found a runed translucent door.
 13478 | D:9      | Found a runed translucent door.
 13759 | D:9      | Killed Grum
 13879 | D:9      | Killed Pikel
 14224 | D:9      | Noticed a cyclops
 14230 | D:9      | Noticed a centaur warrior
 14393 | D:10     | Entered Level 10 of the Dungeon
 14448 | D:10     | Found a flagged portal.
 14575 | Bailey   | Entered a bailey
 14670 | Bailey   | Learned a level 4 spell: Petrify
 14830 | Bailey   | Reached XP level 11. HP: 68/68 MP: 14/19
 14995 | Bailey   | Offered knowledge of Sandblast by Vehumet.
 14996 | Bailey   | Reached ** piety under Vehumet
 15313 | Bailey   | Noticed an orc warlord
 15618 | D:10     | Noticed a two-headed ogre
 15637 | D:10     | Killed a two-headed ogre
 15782 | D:10     | Noticed Snorg
 16026 | D:10     | Found Dibroffe's Weapon Shoppe.
 16110 | D:10     | Found a transporter.
 16133 | D:10     | Reached skill level 12 in Earth Magic
 16166 | D:10     | Found a one-way gate to the infinite horrors of the Abyss.
 16166 | D:10     | Noticed Fractals's ghost (journeyman HOMo)
 16166 | D:10     | Noticed a wizard
 16200 | D:10     | Noticed a skeletal warrior
 16620 | Orc:1    | Entered Level 1 of the Orcish Mines
 16756 | D:3      | Bought a book of Iron for 396 gold pieces
 16763 | D:3      | Learned a level 6 spell: Iron Shot
 17585 | Orc:1    | Offered knowledge of Searing Ray by Vehumet.
 17633 | Orc:1    | Noticed an orc knight
 17637 | Orc:1    | Killed an orc knight
 18384 | Orc:2    | Entered Level 2 of the Orcish Mines
 18384 | Orc:2    | Noticed an orc knight
 18628 | Orc:2    | Killed an orc knight
 18840 | Orc:2    | Noticed an orc high priest
 18842 | Orc:2    | Reached *** piety under Vehumet
 19116 | Orc:2    | Reached skill level 13 in Earth Magic
 19682 | Orc:2    | Noticed an orc sorcerer
 19883 | Orc:2    | Noticed an orc high priest
 19885 | Orc:2    | Reached XP level 12. HP: 72/72 MP: 18/24
 19886 | Orc:2    | Killed an orc high priest
 20229 | Orc:2    | Offered knowledge of Dazzling Flash by Vehumet.
 20719 | Orc:2    | Noticed an orc high priest
 21035 | Orc:2    | Killed an orc high priest
 21305 | Orc:2    | Killed an orc high priest
 21393 | Orc:2    | Found a staircase to the Elven Halls.
 22122 | Orc:2    | Noticed an orc high priest
 22328 | Orc:2    | Reached skill level 14 in Earth Magic
 22523 | Orc:2    | Reached skill level 10 in Conjurations
 23381 | Orc:2    | Noticed a soul eater
 23382 | Orc:2    | Killed an orc high priest
 23610 | Orc:2    | Reached **** piety under Vehumet
 24135 | Orc:2    | Found Ziengaomuo's Distillery.
 24135 | Orc:2    | Found Dezizel's Antique Weapon Shoppe.
 24136 | Orc:2    | Found Xeaweshox's Distillery.
 24140 | Orc:2    | Found Qudyodd's Assorted Antiques.
 24195 | Orc:2    | Learned a level 8 spell: Lehudib's Crystal Spear
 24327 | Orc:2    | Bought a potion of haste for 140 gold pieces
 24410 | D:10     | Found a transporter.
 24432 | D:10     | Found a staircase to the Lair.
 24455 | Lair:1   | Entered Level 1 of the Lair of Beasts
 25194 | D:9      | Killed a centaur warrior
 25383 | D:9      | Identified the +2 chain mail "Ewkui" {rF+ Str+2 Dex+4}
 25383 | D:9      | Noticed a tengu warrior
 26798 | D:9      | Reached skill level 15 in Earth Magic
 27103 | D:9      | Killed a tengu warrior
 27359 | D:9      | Reached XP level 13. HP: 66/79 MP: 14/25
 27522 | D:9      | Identified the +4 ring mail "Fumull" {*Slow Will++ rCorr
                  | Stlth+}
 27699 | D:8      | Offered knowledge of Conjure Flame by Vehumet.
 27928 | D:8      | Killed Maggie
 28843 | D:10     | Killed Snorg
 29894 | Lair:1   | Reached skill level 16 in Earth Magic
 30101 | Lair:1   | Noticed Gastronok
 30108 | Lair:1   | Killed Gastronok
 30761 | Lair:2   | Found a shimmering altar of Xom.
 30982 | Lair:2   | Found a hole to the Spider Nest.
 31399 | Lair:3   | Found a gate leading to a gauntlet.
 31475 | Gauntlet | Entered a Gauntlet
 31475 | Gauntlet | Noticed a six-headed hydra
 31475 | Gauntlet | Found a transporter.
 31475 | Gauntlet | Found a transporter.
 31478 | Gauntlet | Found a transporter.
 31481 | Gauntlet | Found a transporter.
 31482 | Gauntlet | Found a transporter.
 31493 | Gauntlet | Found a transporter.
 31498 | Gauntlet | Found a transporter.
 31512 | Gauntlet | Found a transporter.
 31515 | Gauntlet | Found a transporter.
 31585 | Gauntlet | Found a transporter.
 31600 | Gauntlet | Found a transporter.
 31610 | Gauntlet | Found a transporter.
 31696 | Gauntlet | Learned a level 5 spell: Irradiate
 32389 | Gauntlet | Identified the +1 pair of gloves "Cokifu Xan" {Rampage
                  | Dex-4 SInv}
 32792 | Gauntlet | Identified the +10 spear "Qyota" {pain, rPois rC+ Str+5
                  | Int-2}
 32792 | Gauntlet | Noticed a minotaur
 32800 | Gauntlet | Killed a minotaur
 33284 | Lair:3   | Reached skill level 5 in Fighting
 33563 | Lair:3   | Noticed Amaemon
 33758 | Lair:3   | Killed Amaemon
 34125 | Lair:3   | Reached XP level 14. HP: 98/99 MP: 16/27
 35311 | Lair:3   | Found a staircase to the Shoals.
 35519 | Lair:3   | You fall into a shaft and drop 2 floors!
 35519 | Lair:5   | Entered Level 5 of the Lair of Beasts
 35565 | Lair:4   | Found a shimmering blue altar of Sif Muna.
 37310 | Lair:4   | Reached skill level 17 in Earth Magic
 37433 | Lair:4   | Noticed Josephine
 37435 | Lair:4   | Killed Josephine
 38972 | Lair:5   | Found a staircase to the Slime Pits.
 39321 | Lair:4   | Reached skill level 18 in Earth Magic
 41359 | Lair:5   | Reached XP level 15. HP: 108/108 MP: 19/28
 42062 | Lair:5   | Reached ***** piety under Vehumet
 42257 | Lair:5   | Offered knowledge of Eringya's Noxious Bog by Vehumet.
 42486 | Lair:5   | Reached skill level 5 in Dodging
 42586 | Lair:5   | Found a corrupted altar of Lugonu.
 42846 | Lair:5   | Learned a level 2 spell: Sublimation of Blood
 43478 | D:11     | Found Tues's Distillery.
 43488 | D:11     | Reached skill level 1 in Necromancy
 43554 | D:11     | Found a portal to a secret trove of treasure.
 44713 | D:11     | HP: 5/110 [yak (13)]
 45099 | D:11     | Got the Incunable of Karma
 47780 | D:13     | Found a frozen archway.
 47818 | D:13     | Reached skill level 19 in Earth Magic
 47818 | D:13     | Offered knowledge of Lee's Rapid Deconstruction by Vehumet.
 47859 | D:13     | Shot with a bolt by a yaktaur

Illustrated notes

Levels and vault maps discovered:
D:1:      scummos_arrival_hexagon, layout_loops_ring
D:2:      layout_basic, chequers_serial_rivers_room_b, uniq_jessica
D:3:      layout_rooms, serial_shops, shop, shapermc_ecumenical_altar_gd,
          grunt_ministairs_13
D:4:      layout_gridville, mainiacjoe_overflow_24_doors,
          ebering_dispersal_statue_hall
D:5:      layout_loops_corners, trog_wizard, nicolae_tso_carved_into_rock,
          uniq_duvessa
D:6:      layout_cave_pools, kennysheep_ying_yang,
          minmay_temple_entry_statues_fountains
D:7:      layout_layer_cave, uniq_prince_ribbit1
D:8:      layout_cave_pools, serial_rivers, chequers_serial_rivers_small_a,
          chequers_serial_rivers_marsh, chequers_serial_rivers_large_b,
          chequers_serial_rivers_micro_b, uniq_maggie, uniq_maurice
D:9:      minmay_the_grid_triangle_9x9_recursive_2_mashed
          [minmay_the_grid_triangle_9x9_prize_schism,
          minmay_the_grid_triangle_9x9_corruption,
          minmay_the_grid_triangle_9x9_zippers_vertical,
          minmay_the_grid_triangle_9x9_tough_junction], layout_loops_corners,
          mainiacjoe_overflow_paths, mainiacjoe_overflow_cross_hatched,
          kiku_gazebo_garden_becter, minmay_orc_entry_temple_small,
          serial_glass, glass_columns_a, glass_columns_a, uniq_pikel, uniq_grum
D:10:     layout_roguey, grunt_lair_entry_orc_guard_hut, enter_bailey_5,
          gammafunk_ghost_abyssal_escape, serial_shops, nicolae_shop_crystal,
          uniq_snorg
D:11:     layout_roguey, serial_shops, nicolae_diamond_shop, enter_trove_1,
          hive_lemuel
D:12:     layout_small_grid
D:13:     layout_irregular_city, hangedman_vaults_entry_quadrant_bands,
          portal_ice_cave_entry_pillars_2, serial_demonic, serial_demonic_a,
          serial_demonic_c, serial_demonic_e, serial_demonic_c,
          serial_demonic_b, serial_demonic_b, serial_demonic_a,
          serial_demonic_b, serial_shops, nicolae_shop_behind_doors
Temple:   nicolae_temple_bog_church
Lair:1:   layout_cellular_growth, serial_bayou_shore_b, uniq_gastronok
Lair:2:   layout_chaotic_city, spider_nest_entry_rubble, basic_altar,
          infiniplex_staircase_pool_2
Lair:3:   layout_small_grid, minmay_shoals_entry_hut, gauntlet_entry_generic,
          grunt_megastairs_2, lemuel_fruit_fields, uniq_amaemon
Lair:4:   layout_loops_ring, basic_altar, wad_woods_02, serial_bayou_shore_a,
          uniq_josephine
Lair:5:   hellmonk_lair_end_abyssal_woods, layout_loops_ring, slime_entry_1
Orc:1:    layout_caves
Orc:2:    st_orc_mages, layout_caves, basic_altar, hangedman_minor_magic

Skill      XL: |  1  2  3  4  5  6  7  8  9 10 11 12 13 14 15 |
---------------+----------------------------------------------+-----
Polearms       | 4 |  4.2
Earth Magic    | 1 2 4 5 7 8 10 11 13 15 16 18 19 | 19.0
Conjurations   | 1 3 4 5 8 9 10 11 | 11.4
Spellcasting   | 5 8 9 |  9.9
Fighting       | 5 7 8 |  8.0
Dodging        | 3 5 |  5.0
Necromancy     | 4 |  4.6
Throwing       | |  2.0
Invocations    | |  0.3

Action                   |  1- 3 |  4- 6 |  7- 9 | 10-12 | 13-15 || total
-------------------------+-------+-------+-------+-------+-------++-------
Melee: Spear             |    84 |    66 |       |       |    25 ||   175
       Punch             |     1 |     1 |       |     2 |     3 ||     7
       Dagger            |       |   110 |       |       |       ||   110
       Staff             |       |    29 |    44 |   222 |    68 ||   363
Throw: Boomerang         |       |    11 |     6 |     2 |     2 ||    21
       Dart              |       |       |     3 |     9 |    16 ||    28
       Throwing net      |       |       |       |     1 |     1 ||     2
       Javelin           |       |       |       |       |     4 ||     4
 Cast: Summon Small Mamm |     1 |       |       |     3 |       ||     4
       Stone Arrow       |       |     9 |    88 |   170 |     2 ||   269
       Petrify           |       |       |       |     7 |       ||     7
       Iron Shot         |       |       |       |   124 |   281 ||   405
       Lehudib's Crystal |       |       |       |     3 |    30 ||    33
       Irradiate         |       |       |       |       |     5 ||     5
       Sublimation of Bl |       |       |       |       |    49 ||    49
Invok: Renounce Religion |       |     1 |       |       |       ||     1
Evoke: Wand              |       |       |       |    48 |    12 ||    60
       Lightning rod     |       |       |       |     7 |     9 ||    16
       Phial of floods   |       |       |       |       |     1 ||     1
       Tin of tremorston |       |       |       |       |     2 ||     2
  Use: Scroll            |     1 |     1 |    11 |    12 |    15 ||    40
       Potion            |       |       |     1 |     7 |     4 ||    12
 Stab: Sleeping          |       |     3 |     1 |       |       ||     4
Armor: Robe              |    17 |    63 |    15 |   163 |   103 ||   361
Dodge: Dodged            |    28 |   109 |    31 |   219 |   167 ||   554
       Repelled          |       |       |     1 |     3 |       ||     4
Block: Other             |       |       |    18 |   100 |    34 ||   152
       Reflection        |       |       |     2 |     3 |       ||     5
       Buckler           |       |       |       |       |    20 ||    20
